 Dungeon Crawl Stone Soup version 0.29.1-2-gbd0b4ee654 (webtiles) character file.

Game seed: 13111745624276727970

3845 McKennaii the Covered (level 9, -2/71 HPs)
             Began as a Demigod Fighter on Nov 8, 2022.
             Slain by a gargoyle
             ... wielding a +2 morningstar of distortion
              (3 damage)
             ... on level 7 of the Dungeon.
             The game lasted 00:17:29 (7496 turns).

McKennaii the Covered (Demigod Fighter)             Turns: 7496, Time: 00:17:30

Health: -2/71      AC:  8    Str: 25    XL:     9   Next: 66%
Magic:  20/20      EV:  9    Int: 17    God:
Gold:   307        SH:  5    Dex: 13    Spells: 13/18 levels left

rFire   . . .      SeeInvis +   p - +8 spear "Gasuh" {freeze, *Rage rElec Int+3 Stlth+}
rCold   . . .      Faith    .   c - +0 buckler
rNeg    + . .      Spirit   .   b - +0 scale mail
rPois   .          Reflect  .   v - +0 helmet
rElec   +          Harm     .   (no cloak)
rCorr   .          Rampage  .   (no gloves)
Will    .....      Rage     20% (no boots)
Stlth   +.........              y - amulet of regeneration
HPRegen 1.01/turn               h - ring of positive energy
MPRegen 0.17/turn               s - ring of see invisible

@: on berserk cooldown, slowed, very slow
A: high MP 1, forlorn, divine attributes
a: no special abilities


You were on level 7 of the Dungeon.
You visited 1 branch of the dungeon, and saw 7 of its levels.
You also visited: Ossuary and Bailey.

You collected 334 gold pieces.
You spent 27 gold pieces at shops.

Inventory:

Hand Weapons
 a - a +0 trident
 p - the +8 spear "Gasuh" (weapon) {freeze, *Rage rElec Int+3 Stlth+}
   (You found it on level 2 of the Dungeon)

   It freezes those it strikes, dealing additional cold damage.
   It can also slow down cold-blooded creatures.
   Int:       It affects your intelligence (+3).
   rElec:     It insulates you from electricity.
   *Rage:     It berserks you when you make melee attacks (+20% chance).
   Stlth:     It makes you more stealthy.
Missiles
 I - a throwing net (quivered)
Armour
 b - a +0 scale mail (worn)
 c - a +0 buckler (worn)
 v - a +0 helmet (worn)
Magical Staves
 g - a staff of air
Jewellery
 h - a ring of positive energy (left hand)
 l - a ring of fire
 s - a ring of see invisible (right hand)
 t - an amulet of magic regeneration
 y - an amulet of regeneration (around neck)
 L - the ring "Wethro" {Ice rN+ rCorr Int+2}
   (You found it in a bailey)

   [ring of ice]

   It enhances your ice magic.
   Int:       It affects your intelligence (+2).
   rF:        It makes you vulnerable to fire.
   rC:        It protects you from cold.
   rN:        It protects you from negative energy.
   rCorr:     It protects you from acid and corrosion.
Wands
 u - a wand of flame (4)
Scrolls
 e - 2 scrolls of acquirement
 f - 3 scrolls of vulnerability {unknown}
 j - 6 scrolls of teleportation
 k - 2 scrolls of brand weapon {unknown}
 m - 3 scrolls of enchant armour {unknown}
 r - 4 scrolls of amnesia {unknown}
 w - 2 scrolls of enchant weapon {unknown}
 x - 2 scrolls of fear {unknown}
 B - a scroll of magic mapping {unknown}
 D - 2 scrolls of blinking
 J - a scroll of poison {unknown}
Potions
 d - 7 potions of might
 i - 7 potions of heal wounds
 n - 3 potions of attraction
 o - a potion of ambrosia
 q - 3 potions of flight
 z - a potion of magic
 A - 7 potions of brilliance {unknown}
 C - 5 potions of mutation
 E - 2 potions of experience {unknown}
 F - a potion of invisibility {unknown}
 G - a potion of berserk rage {unknown}
 H - a potion of curing {unknown}
 K - a potion of resistance {unknown}


   Skills:
 - Level 4.1 Fighting
 - Level 3.5 Polearms
 + Level 6.3 Armour
 + Level 5.6 Shields
 * Level 5.2 Spellcasting
 * Level 5.2 Conjurations
 * Level 5.3 Air Magic


You had 13 spell levels left.
You knew the following spells:

 Your Spells              Type           Power      Damage    Failure   Level
a - Lightning Bolt        Conj/Air       11%        1d24      77%         5

Your spell library contained the following spells:

 Spells                   Type           Power      Damage    Failure   Level
 Magic Dart               Conj           88%        1d7       4%          1
 Searing Ray              Conj           44%        2d6       7%          2
 Static Discharge         Conj/Air       22%        3-6/arc   7%          2
 Necrotise                Necr           16%        1d4       36%         1
 Summon Small Mammal      Summ           16%        N/A       36%         1
 Scorch                   Fire           8%         2d5       52%         2
 Call Canine Familiar     Summ           4%         N/A       75%         3
 Gell's Gravitas          Tloc           4%         N/A       75%         3
 Summon Guardian Golem    Hex/Summ       4%         N/A       75%         3
 Teleport Other           Tloc           4%         N/A       75%         3
 Vampiric Draining        Necr           4%         2d6       75%         3
 Flame Wave               Conj/Fire      13%        2d6       78%         4
 Fulminant Prism          Conj/Hex       6%         3d7       78%         4
 Animate Armour           Summ/Erth      8%         N/A       98%         4
 Agony                    Necr           4%         N/A       100%        5
 Blade Hands              Tmut           2%         N/A       100%        5
 Dispersal                Tloc           2%         N/A       100%        6
 Iron Shot                Conj/Erth      6%         9d2       100%        6
 Summon Cactus Giant      Summ           2%         N/A       100%        6
 Maxwell's Capacitive Co  Air            11%        ∞         100%        8


Dungeon Overview and Level Annotations

Branches:
Dungeon (7/15)             Temple (0/1) D:5         Ossuary (visited)
 Bailey (visited)

Shops:
D:6 *

Annotations:
D:5 1 runed translucent door, LaMa's ghost, novice MfGl


Innate Abilities, Weirdness & Mutations

You have an increased reservoir of magic. (+10% MP)
You shall have no god before yourself.
Your divine heritage dramatically boosts your attributes as you level up.


Message History

You destroy the gargoyle!
No target in view!
No target in view!
There is an open door here.
You see here a +0 flail.
You feel a strong urge to attack something.
You now have 307 gold pieces (gained 16).
You slam the door shut with a bang, pushing everything out of the way!
You start resting.
You feel your anger nearly subside.
You are no longer berserk.
You are exhausted.
You feel yourself slow down.
You start resting.
HP restored.
You open the door.
There is an open door here.
You see here a +0 flail.
You open the door.
A gargoyle comes into view.
It is wielding a +2 morningstar of distortion.
The gargoyle barely misses you.
Found a translucent scale mail.
You puncture the gargoyle! You freeze the gargoyle.
The gargoyle is moderately damaged.
The gargoyle hits you with a +2 morningstar of distortion!!
Space warps horribly around you!!
You are too injured to fight recklessly!
Unknown command.
You hit the gargoyle but do no damage.
The gargoyle is moderately damaged.
The gargoyle hits you with a +2 morningstar of distortion!
Space warps around you.
* * * LOW HITPOINT WARNING * * *
You block the gargoyle's attack.
Unknown command.
You hit the gargoyle. You freeze the gargoyle.
The gargoyle is heavily damaged.
The gargoyle hits you with a +2 morningstar of distortion!
* * * LOW HITPOINT WARNING * * *
Space warps around you.
You die...

.#.#.####.........#..............
.#.#.............................
.#.......##...##.....####.#......
.#.###.###8...8###......#.#.#....
...##..# ##...##8#...##.#.....(..
.#.##.###+.....'###.........#.###
.#.##.# #.......#.#.......#......
.#.##.# +.......'##...#.#.#.#.###
...##.##....8...@##...#.#.#.#.###
#.†##.##+.......9##..............
......# #.......#[#..####.#######
#..#..###+.....+###........
..#...# ##+.+## #..#####.# ##
#..#.#.### ## ###.## #.### ...
.........#######...# ###.#<##...
##.#.............### #.........#
...............### #......#.##


You could see a gargoyle.

Vanquished Creatures
  A gargoyle (D:7)
  Sigmund (D:3)
  Eustachio (D:5)
  6 orc warriors (Bailey)
  A sky beast (D:6)
  A black bear (D:7)
  2 ice beasts
  9 centaurs (Bailey)
  An ogre (D:4)
  2 phantoms (D:5)
  A bullfrog (D:5)
  A necrophage (D:6)
  5 scorpions
  4 wights (D:6)
  An electric eel (D:6)
  A howler monkey (D:4)
  3 human zombies (Ossuary)
  2 jellies (D:6)
  3 hounds
  3 iguanas
  An orc priest (D:5)
  Natasha (D:3)
  An orc wizard (D:5)
  4 mummies (Ossuary)
  Robin (D:4)
  4 gnolls (D:5)
  4 adders
  A shadow imp (D:6)
  A white imp (D:7)
  2 ufetubi
  2 worms (D:2)
  4 dart slugs
  33 orcs
  10 endoplasms
  5 giant cockroaches
  15 goblins
  15 hobgoblins
  3 jackals (D:1)
  7 kobolds
  3 quokkas
  4 ball pythons
  4 bats
  A gnoll zombie (Ossuary)
  A goblin zombie (Ossuary)
  A hobgoblin zombie (Ossuary)
  2 kobold zombies (Ossuary)
  9 rats
188 creatures vanquished.

Vanquished Creatures (others)
  2 plants (D:6)
2 creatures vanquished.

Grand Total: 190 creatures vanquished

Notes
Turn   | Place    | Note
-------+----------+-------------------------------------------
     0 | D:1      | McKennaii the Demigod Fighter began the quest for the Orb.
     0 | D:1      | Reached XP level 1. HP: 18/18 MP: 3/3
   313 | D:1      | Reached XP level 2. HP: 25/25 MP: 4/4
   656 | D:1      | Reached skill level 3 in Armour
   660 | D:1      | You fall into a shaft and drop 1 floor!
   696 | D:2      | Reached XP level 3. HP: 22/31 MP: 5/5
  1553 | D:2      | Identified the +8 spear "Gasuh" {freeze, *Rage rElec Int+3
                  | Stlth+}
  2088 | D:3      | Noticed Sigmund
  2102 | D:3      | Killed Sigmund
  2103 | D:3      | Reached XP level 4. HP: 40/40 MP: 6/6
  2103 | D:3      | Reached XP level 5. HP: 46/46 MP: 7/7
  2563 | D:3      | Noticed Natasha
  2570 | D:3      | Killed Natasha
  2847 | D:4      | Noticed an ogre
  2853 | D:4      | Killed an ogre
  2854 | D:4      | Reached skill level 4 in Armour
  2854 | D:4      | Reached skill level 1 in Spellcasting
  2854 | D:4      | Reached XP level 6. HP: 52/52 MP: 8/10
  3061 | D:4      | Noticed Robin
  3073 | D:4      | Killed Robin
  3150 | D:4      | Learned a level 5 spell: Lightning Bolt
  3562 | D:5      | Entered Level 5 of the Dungeon
  3580 | D:5      | Reached XP level 7. HP: 59/59 MP: 12/12
  3588 | D:5      | Reached skill level 1 in Air Magic
  3591 | D:5      | Reached skill level 1 in Conjurations
  3794 | D:5      | Noticed Eustachio
  3837 | D:5      | Killed Eustachio
  3868 | D:5      | Found a staircase to the Ecumenical Temple.
  3929 | D:5      | Reached skill level 5 in Armour
  4001 | D:5      | Found a sand-covered staircase.
  4009 | Ossuary  | Entered an ossuary
  4207 | Ossuary  | Reached XP level 8. HP: 59/66 MP: 15/15
  4294 | D:5      | Identified 2 scrolls of acquirement
  4300 | D:5      | Acquired a staff of air
  4327 | D:5      | Found a runed translucent door.
  4327 | D:5      | Noticed LaMa's ghost (novice MfGl)
  5433 | D:6      | Found Didocvu's Assorted Antiques.
  5438 | D:6      | Bought a scroll labelled IMOT LASCHO for 27 gold pieces
  6246 | D:7      | Reached skill level 5 in Shields
  6305 | D:7      | Found a flagged portal.
  6344 | Bailey   | Entered a bailey
  6608 | Bailey   | Reached XP level 9. HP: 71/71 MP: 18/18
  6832 | Bailey   | Reached skill level 6 in Armour
  7103 | Bailey   | Reached skill level 5 in Spellcasting
  7105 | Bailey   | Reached skill level 5 in Conjurations
  7105 | Bailey   | Reached skill level 5 in Air Magic
  7134 | Bailey   | Identified the ring "Wethro" {Ice rN+ rCorr Int+2}
  7472 | D:7      | Noticed a gargoyle
  7478 | D:7      | Killed a gargoyle
  7493 | D:7      | Noticed a gargoyle
  7496 | D:7      | HP: 1/71 [gargoyle/+2 morningstar of distortion (16)]
  7496 | D:7      | Slain by a gargoyle

Illustrated notes

Levels and vault maps discovered:
D:1:      wander_arrival_chamber, layout_basic, minmay_misc_feat_roman,
          reono_crystal_passage
D:2:      layout_loops_ring
D:3:      layout_basic, chequers_temple_overflow_statue_of_worship,
          corner_web_ring, uniq_natasha, uniq_sigmund
D:4:      layout_basic, hex_tiny, uniq_robin
D:5:      layout_cave_pods, okawaru_altar_gauntlet_db,
          minmay_temple_entry_offerings, hellmonk_ghost_happy_afterlife,
          nicolae_ossuary_entry_plus, uniq_eustachio
D:6:      layout_loops_ring, serial_shops, shop, serial_bayou_ford_a
D:7:      cheibrodos_statue_roulette, layout_basic, general_overflow_altar,
          enter_bailey_5, minmay_nine_imps

Skill      XL: |  1  2  3  4  5  6  7  8  9 |
---------------+----------------------------+-----
Polearms       | 2 3 |  3.5
Shields        | 3 4 5 |  5.6
Fighting       | 3 4 |  4.1
Armour         | 3 4 5 6 |  6.3
Spellcasting   | 1 2 4 5 |  5.2
Air Magic      | 2 4 5 |  5.3
Conjurations   | 2 4 5 |  5.2

Action                   |  1- 3 |  4- 6 |  7- 9 || total
-------------------------+-------+-------+-------++-------
Melee: Trident           |   128 |       |       ||   128
       Spear             |    12 |    86 |   291 ||   389
Evoke: Wand              |       |       |     7 ||     7
  Use: Scroll            |       |       |     9 ||     9
Armor: Scale mail        |    51 |    21 |    70 ||   142
Dodge: Dodged            |    62 |    17 |    96 ||   175
Block: Buckler           |    32 |     8 |    42 ||    82
